 Dungeon Crawl Stone Soup version 0.29-a0-824-gd827844252 (webtiles) character file.

Game seed: 8664012531906617498

77 coolguy69 the Sneak (level 4, 0/24 HPs)
             Began as a Vine Stalker Monk on July 10, 2022.
             Killed by nerve-wracking pain
             ... invoked by Jessica
              (5 damage)
             ... on level 2 of the Dungeon.
             The game lasted 00:01:48 (1834 turns).

coolguy69 the Sneak (Vine Stalker Monk)             Turns: 1834, Time: 00:01:49

Health: 0/24       AC:  3    Str: 14 (16) XL:     4   Next: 33%
Magic:  0/5        EV: 12    Int:  9 (10) God:
Gold:   122        SH:  0    Dex: 14 (16) Spells: 3/3 levels left

rFire   . . .      SeeInvis .   e - +2 short sword (venom)
rCold   . . .      Faith    .   (no shield)
rNeg    . . .      Spirit   +   f - +0 leather armour
rPois   .          Reflect  .   (no helmet)
rElec   .          Harm     .   (no cloak)
rCorr   .          Rampage  .   (no gloves)
Will    .....                   (no boots)
Stlth   ++........              (no amulet)
HPRegen 0.88/turn               (no ring)
MPRegen 0.09/turn               (no ring)

@: attractive, flying
A: fangs 2, regeneration 1, magic shield, antimagic bite, no potion heal 2
a: no special abilities


You were on level 2 of the Dungeon.
You visited 1 branch of the dungeon, and saw 2 of its levels.

You collected 122 gold pieces.

Inventory:

Hand Weapons
 e - a +2 short sword of venom (weapon)
Armour
 f - a +0 leather armour (worn)
Jewellery
 j - a +4 ring of protection
Scrolls
 b - 2 scrolls of identify {unknown}
 h - a scroll of poison {unknown}
 i - 2 scrolls of teleportation {unknown}
 k - a scroll of acquirement {unknown}
Potions
 c - a potion of ambrosia


   Skills:
 + Level 3.0 Fighting
 + Level 3.2 Short Blades
 + Level 0.8 Armour
 + Level 2.9 Dodging
 + Level 3.6 Stealth


You had 3 spell levels left.
You didn't know any spells.
Your spell library was empty.

Dungeon Overview and Level Annotations

Branches:
Dungeon (2/15)

Altars:

Annotations:
D:2 Jessica


Innate Abilities, Weirdness & Mutations

You have extremely sharp teeth.
Your natural rate of healing is unusually fast.
When hurt, damage is shared between your health and your magic reserves.
Your bite disrupts and absorbs the magic of your enemies.
Potions cannot restore your health.


Message History

Natasha barely misses you.
The crimson imp is attracted toward you.
It was a potion of flight.
You feel very buoyant.
You fly up into the air.
The crimson imp disappears in a puff of smoke!
Natasha claws you.
You hit Natasha but do no damage.
Natasha is poisoned.
The goblin is attracted toward you.
You puncture Natasha!
Natasha looks as sick as possible!
You bite Natasha.
Natasha's magic leaks into the air.
You drain her magic.
You feel invigorated.
Natasha is severely wounded.
Natasha falters for a moment.
You closely miss Natasha.
Natasha is almost dead.
You kill Natasha!
Suddenly Natasha's spirit rises from her lifeless body.
Jessica gestures wildly.
Jessica zaps a wand.
The puff of flame hits you.
* * * LOW HITPOINT WARNING * * *
Jessica is attracted toward you. The goblin is attracted toward you.
Your Fighting skill increases to level 3!
You have reached level 4!
You feel stronger.
Your mutations feel more permanent.
You closely miss Jessica. Your bite misses Jessica.
Jessica hits you with a +0 club.
* * * LOW HITPOINT WARNING * * *
Jessica hits you with a +0 club.
* * * LOW HITPOINT WARNING * * *
Unknown command.
You barely miss Jessica. Your bite misses Jessica.
Jessica hits you with a +0 club.
* * * LOW HITPOINT WARNING * * *
You hit Jessica.
Jessica is poisoned.
Jessica is moderately wounded.
Jessica completely misses you. Jessica gestures at you while chanting.
Pain shoots through your body!
You die...

#+# .......# #.#
#......# #.# #......#
#.# ##......# #@#
#.......# #@#
#.......#####g#
#.......h....ยง#####
#.....)...........#
#.....5#..........#
####...5..#..........#
.......####......#####
.....5.# #....(.#


You could see Jessica (fast, very poisoned) and a goblin.

Vanquished Creatures
  Natasha (D:2)
  3 endoplasms
  3 giant cockroaches (D:1)
  3 goblins (D:1)
  6 hobgoblins (D:1)
  10 jackals (D:1)
  3 kobolds
  2 quokkas (D:1)
  3 ball pythons (D:1)
  5 bats (D:1)
  2 frilled lizards (D:1)
  2 rats (D:1)
43 creatures vanquished.

Notes
Turn   | Place    | Note
-------+----------+-------------------------------------------
     0 | D:1      | coolguy69 the Vine Stalker Monk began the quest for the
                  | Orb.
     0 | D:1      | Reached XP level 1. HP: 11/11 MP: 2/2
   361 | D:1      | Reached XP level 2. HP: 14/16 MP: 3/3
   969 | D:1      | Reached XP level 3. HP: 14/19 MP: 4/4
  1591 | D:1      | Found a faded altar of an unknown god.
  1810 | D:2      | Noticed Natasha
  1811 | D:2      | Noticed Jessica
  1825 | D:2      | Gained mutation: Your natural rate of healing is unusually
                  | fast. [potion of mutation]
  1831 | D:2      | Killed Natasha
  1832 | D:2      | Mutation became permanent: Your natural rate of healing is
                  | unusually fast. [Vine Stalker growth]
  1832 | D:2      | Gained mutation: Your natural rate of healing is unusually
                  | fast. [Vine Stalker growth]
  1832 | D:2      | Reached XP level 4. HP: 6/24 MP: 2/5
  1834 | D:2      | Killed from afar by Jessica

Illustrated notes

Levels and vault maps discovered:
D:1:      dpeg_arrival_circle_labyrinth_c, layout_basic,
          shapermc_ecumenical_altar_hornbeckon, nicolae_hexahallways,
          minmay_distorted
D:2:      layout_basic, uniq_natasha, uniq_jessica

Skill      XL: |  1  2  3 |
---------------+----------+-----
Short Blades   | 3 |  3.2
Stealth        | 3 |  3.6
Fighting       | 3 |  3.0
Armour         | |  0.8
Dodging        | |  2.9

Action                   |  1- 3 |  4- 6 || total
-------------------------+-------+-------++-------
Melee: Short sword       |    82 |     3 ||    85
       Bite              |    18 |       ||    18
  Use: Potion            |     5 |       ||     5
 Stab: Sleeping          |    10 |       ||    10
Armor: Robe              |     3 |       ||     3
       Leather armour    |    19 |       ||    19
Dodge: Dodged            |    52 |     1 ||    53

Table legend: (Time is in decaauts)
 A = Elapsed time spent in this place.
 B = Non-inter-level travel time spent in this place.
 C = Inter-level travel time spent in this place.
 D = Time resting spent in this place.
 E = Time spent auto-exploring this place.
 F = Levels seen in this place.
 G = Mean time per level.
                   A        B        C        D        E       F      G
               +--------+--------+--------+--------+--------+-----+--------+
         Total |   1837 |   1776 |     61 |    400 |   1110 |   2 |  918.5 |
       Dungeon |   1837 |   1776 |     61 |    400 |   1110 |   2 |  918.5 |
               +--------+--------+--------+--------+--------+-----+--------+

Top non-repeatable levels by time:
     D:1: 1710 daAuts
     D:2: 127 daAuts
